 Dungeon Crawl Stone Soup version 0.28.0-45-g0d030f2227 (webtiles) character file.

Game seed: 3196202348573676929

112 MisterFreud the Covert (level 4, -2/41 HPs)
             Began as a Gnoll Delver on May 26, 2022.
             Succumbed to a scorpion's poison
             ... on level 4 of the Dungeon.
             The game lasted 00:00:50 (387 turns).

MisterFreud the Covert (Gnoll Delver)                Turns: 387, Time: 00:00:50

Health: -2/41      AC:  3    Str: 12    XL:     4   Next: 93%
Magic:  5/5        EV: 13    Int: 11    God:
Gold:   17         SH:  0    Dex: 13    Spells: 5/5 levels left

rFire   . . .      SeeInvis .   a - +0 short sword
rCold   . . .      Faith    .   (no shield)
rNeg    . . .      Spirit   .   b - +0 leather armour
rPois   .          Reflect  .   (no helmet)
rElec   .          Harm     .   (no cloak)
rCorr   .          Rampage  .   (no gloves)
Will    .....                   (no boots)
Stlth   ++++......              (no amulet)
HPRegen 0.13/turn               (no ring)
MPRegen 0.09/turn               (no ring)

@: mighty, lethally poisoned (-2 -> -15)
A: fangs 1, strong nose, distributed training
a: no special abilities


You were on level 4 of the Dungeon.
You visited 1 branch of the dungeon, and saw 3 of its levels.

You collected 17 gold pieces.

Inventory:

Hand Weapons
 a - a +0 short sword (weapon)
Missiles
 l - 5 poisoned darts (quivered)
 m - a boomerang
Armour
 b - a +0 leather armour (worn)
 j - a +2 chain mail of positive energy
Wands
 g - a wand of digging (3)
 i - a wand of mindburst (9)
Scrolls
 c - a scroll of fog
 d - a scroll of magic mapping
 e - a scroll of fear
 h - a scroll of identify {unknown}
 k - a scroll of torment {unknown}
Potions
 f - a potion of haste


   Skills:
 + Level 6.6 Fighting
 + Level 4.7 Short Blades
 + Level 1.2 Long Blades
 + Level 1.2 Axes
 + Level 1.2 Maces & Flails
 + Level 1.2 Polearms
 + Level 1.2 Staves
 + Level 1.2 Slings
 + Level 1.2 Bows
 + Level 1.2 Crossbows
 + Level 1.2 Throwing
 + Level 1.2 Armour
 + Level 4.7 Dodging
 + Level 9.6 Stealth
 + Level 1.2 Shields
 + Level 1.2 Unarmed Combat
 + Level 1.2 Spellcasting
 + Level 1.0 Conjurations
 + Level 1.0 Hexes
 + Level 1.0 Summonings
 + Level 1.0 Necromancy
 + Level 1.0 Translocations
 + Level 1.0 Transmutations
 + Level 1.0 Fire Magic
 + Level 1.0 Ice Magic
 + Level 1.0 Air Magic
 + Level 1.0 Earth Magic
 + Level 1.0 Poison Magic
 + Level 1.4 Invocations
 + Level 1.2 Evocations


You had 5 spell levels left.
You didn't know any spells.
Your spell library contained the following spells:

 Spells                   Type           Power      Damage    Failure   Level
 Fulminant Prism          Conj/Hex       1%         3d6       95%         4
 Iskenderun's Mystic Bla  Conj/Tloc      3%         2d3       95%         4
 Lee's Rapid Deconstruct  Erth           1%         3d5*      100%        5


Dungeon Overview and Level Annotations

Branches:
Dungeon (6/15)
 Temple: D:4-7

Altars:


Innate Abilities, Weirdness & Mutations

You have very sharp teeth.
Your uncanny sense of smell can sniff out nearby items.
Your experience applies equally to all skills.


Message History

The scorpion is moderately wounded.
The scorpion closely misses you.
You barely miss the scorpion.
The scorpion is moderately wounded.
The scorpion stings you.
You closely miss the scorpion. Your bite misses the scorpion.
The scorpion is moderately wounded.
The scorpion barely misses you.
You hit the scorpion but do no damage.
The scorpion is moderately wounded.
The scorpion stings you.
* * * LOW HITPOINT WARNING * * *
You closely miss the scorpion.
The scorpion is moderately wounded.
The scorpion stings you but does no damage.
You hit the scorpion but do no damage.
The scorpion is moderately wounded.
The scorpion closely misses you. x2
You hit the scorpion.
The scorpion is heavily wounded.
The scorpion misses you.
You closely miss the scorpion.
The scorpion is heavily wounded.
The scorpion stings you.
* * * LOW HITPOINT WARNING * * *
You hit the scorpion but do no damage.
The scorpion is heavily wounded.
The scorpion closely misses you.
You hit the scorpion.
The scorpion is severely wounded.
The scorpion closely misses you.
You barely miss the scorpion.
The scorpion is severely wounded.
The scorpion stings you.
* * * LOW HITPOINT WARNING * * *
You are lethally poisoned!
The scorpion poisons you!
It was a potion of might.
You feel very mighty all of a sudden.
You die...

.# .# ###############
.#
..$...........######.#
#...s..............
#@....# #.#
∆###.###.#######.####
....................
...#.#######)###.#.##
###.##. ##)###.#.## #
. #...##.#.## .
#.........# #.
.........#..
####.####...#


You could see a scorpion.

Vanquished Creatures
  A water moccasin skeleton (D:6)
  Ijyb (D:5)
  An orc wizard (D:4)
  An adder (D:4)
  3 orcs (D:4)
7 creatures vanquished.

Notes
Turn   | Place    | Note
-------+----------+-------------------------------------------
     0 | D:5      | Reached skill level 9 in Stealth
     0 | D:5      | MisterFreud the Gnoll Delver began the quest for the Orb.
     0 | D:5      | Reached XP level 1. HP: 23/23 MP: 1/1
    12 | D:6      | Reached skill level 1 in Invocations
    12 | D:6      | Reached XP level 2. HP: 29/29 MP: 1/3
    12 | D:6      | Reached XP level 3. HP: 35/35 MP: 1/4
    61 | D:5      | Noticed Ijyb
    64 | D:5      | Killed Ijyb
    65 | D:5      | Reached skill level 1 in Long Blades
    65 | D:5      | Reached skill level 1 in Axes
    65 | D:5      | Reached skill level 1 in Maces & Flails
    65 | D:5      | Reached skill level 1 in Polearms
    65 | D:5      | Reached skill level 1 in Staves
    65 | D:5      | Reached skill level 1 in Slings
    65 | D:5      | Reached skill level 1 in Bows
    65 | D:5      | Reached skill level 1 in Crossbows
    65 | D:5      | Reached skill level 1 in Throwing
    65 | D:5      | Reached skill level 1 in Armour
    65 | D:5      | Reached skill level 1 in Shields
    65 | D:5      | Reached skill level 1 in Unarmed Combat
    65 | D:5      | Reached skill level 1 in Spellcasting
    65 | D:5      | Reached skill level 1 in Evocations
    65 | D:5      | Reached XP level 4. HP: 41/41 MP: 5/5
   294 | D:4      | Reached skill level 1 in Conjurations
   294 | D:4      | Reached skill level 1 in Hexes
   294 | D:4      | Reached skill level 1 in Summonings
   294 | D:4      | Reached skill level 1 in Necromancy
   294 | D:4      | Reached skill level 1 in Translocations
   294 | D:4      | Reached skill level 1 in Transmutations
   294 | D:4      | Reached skill level 1 in Fire Magic
   294 | D:4      | Reached skill level 1 in Ice Magic
   294 | D:4      | Reached skill level 1 in Air Magic
   294 | D:4      | Reached skill level 1 in Earth Magic
   294 | D:4      | Reached skill level 1 in Poison Magic
   366 | D:4      | Noticed a scorpion
   386 | D:4      | HP: 1/41 [scorpion (6)]
   387 | D:4      | Succumbed to a scorpion's poison

Illustrated notes

Levels and vault maps discovered:
D:4:      layout_loops_ring, grunt_decor_arrowhead, roderic_filled_cross
D:5:      layout_loops_corners, pf_guarded_unrand_delatra, uniq_ijyb,
          uniq_menkaure
D:6:      layout_basic, uniq_maggie

Skill      XL: |  1  2  3  4 |
---------------+-------------+-----
Stealth        | |  9.6
Invocations    | 1 |  1.4
Long Blades    | 1 |  1.2
Axes           | 1 |  1.2
Maces & Flails | 1 |  1.2
Polearms       | 1 |  1.2
Staves         | 1 |  1.2
Slings         | 1 |  1.2
Bows           | 1 |  1.2
Crossbows      | 1 |  1.2
Throwing       | 1 |  1.2
Armour         | 1 |  1.2
Shields        | 1 |  1.2
Unarmed Combat | 1 |  1.2
Spellcasting   | 1 |  1.2
Evocations     | 1 |  1.2
Conjurations   | 1 |  1.0
Hexes          | 1 |  1.0
Summonings     | 1 |  1.0
Necromancy     | 1 |  1.0
Translocations | 1 |  1.0
Transmutations | 1 |  1.0
Fire Magic     | 1 |  1.0
Ice Magic      | 1 |  1.0
Air Magic      | 1 |  1.0
Earth Magic    | 1 |  1.0
Poison Magic   | 1 |  1.0
Fighting       | |  6.6
Short Blades   | |  4.7
Dodging        | |  4.7

Action                   |  1- 3 |  4- 6 || total
-------------------------+-------+-------++-------
Melee: Short sword       |     2 |    36 ||    38
       Bite              |       |     4 ||     4
  Use: Potion            |       |     1 ||     1
 Stab: Sleeping          |     2 |     2 ||     4
Armor: Leather armour    |       |     5 ||     5
Dodge: Dodged            |       |    13 ||    13
